 Dungeon Crawl Stone Soup version 0.31.0-11-ge490571c62 (webtiles) character file.

Game seed: 4386143837633891019

2134612 SnakkuSnakku7 the Victor of a Thousand Battles (level 25, 118/166 (168) HPs)
             Began as a Gargoyle Reaver on Jan 27, 2024.
             Was the Champion of Okawaru.
             Escaped with the Orb
             ... and 3 runes
             ... and 1 gem!
             The game lasted 01:28:51 (45054 turns).

SnakkuSnakku7 (GrRe)                               Turns: 45054, Time: 01:28:52

HP:   118/166 (168) AC: 66    Str: 22 (25) XL:     25   Next: 46%
MP:   38/38         EV: 10    Int: 14 (15) God:    Okawaru [******]
Gold: 3954          SH: 21    Dex:  7 (10) Spells: 28/28 levels left

rFire   + + .        a - +9 broad axe (drain)
rCold   + . .        V - +5 kite shield of Fieruati {rF+ rC+}
rNeg    + . .        T - +11 plate armour of the Forest {Rampage rElec}
rPois   ∞            M - +2 helmet {SInv}
rElec   +            E - +4 dragonskin cloak
rCorr   +            p - +2 pair of gloves
SInv    +            B - +2 pair of boots {rampage}
Will    .....        K - amulet of regeneration Stlth
                     q - ring "Utti" {rPois rF+ rCorr AC+4}
HPRegen 1.27/turn    f - ring of Jougyx Zego {Dex+2 Slay+4}
MPRegen 0.26/turn

%: rampage
@: weak-willed, flying, slowed, studying Ice Magic, lightly drained, very slow
A: sickness immunity, AC +19, big wings, negative energy resistance 1,
electricity resistance, torment resistance 1, petrification resistance, large
bone plates 1, deformed body, screaming 1, weak 1, MP-powered wands
0: Orb of Zot
}: 3/15 runes: decaying, serpentine, silver
a: Renounce Religion, Heroism, Finesse, Duel, Receive Weapon


You escaped.
You worshipped Okawaru.
Okawaru was exalted by your worship.
You visited 8 branches of the dungeon, and saw 44 of its levels.
You also visited: Bailey, Gauntlet, Ice Cave and Wizlab.

You collected 7569 gold pieces.
You spent 3615 gold pieces at shops.

Inventory:

Hand Weapons
 a - a +9 broad axe of draining (weapon)
Missiles
 c - 2 throwing nets
 A - 22 curare-tipped darts
 L - 30 silver javelins (quivered)
Armour
 j - a +2 cloak of willpower
 p - a +2 pair of gloves (worn)
 B - a +2 pair of boots of rampaging (worn)
 E - the +4 dragonskin cloak (worn)
   (You took it off Tiamat on level 1 of the Realm of Zot)

   Avatar's Aegis: It grants the wearer a chance to resist fire, cold, poison,
   electricity, acid, and negative energy.
 M - a +2 helmet of see invisible (worn)
 T - the +11 plate armour of the Forest (worn) {Rampage rElec}
   (You found it on level 5 of the Vaults)

   rElec:     It insulates you from electricity.
   Rampage:   It bestows one free step when moving towards enemies.
 V - the +5 kite shield of Fieruati (worn) {rF+ rC+}
   (You acquired it on level 4 of the Depths)

   rF+:       It protects you from fire.
   rC+:       It protects you from cold.
Jewellery
 b - a ring of willpower
 f - the ring of Jougyx Zego (right hand) {Dex+2 Slay+4}
   (You bought it in a shop on level 3 of the Snake Pit)

   [ring of slaying]

   Dex+2:     It affects your dexterity (+2).
   Slay+4:    It affects your accuracy & damage with ranged weapons and melee
   (+4).
 q - the ring "Utti" (left hand) {rPois rF+ rCorr AC+4}
   (You took it off a frost giant on level 5 of the Vaults)

   [ring of protection]

   AC+4:      It affects your AC (+4).
   rF+:       It protects you from fire.
   rPois:     It protects you from poison rCorr: It protects you from acid and
   corrosion.
 D - a +5 ring of evasion
 I - a ring of protection from cold
 K - an amulet of regeneration (around neck)
Wands
 o - a wand of flame (35)
 w - a wand of acid (24)
 x - a wand of mindburst (33)
 z - a wand of paralysis (17)
 J - a wand of iceblast (55)
 W - a wand of polymorph (21)
Scrolls
 e - 24 scrolls of teleportation
 k - 2 scrolls of immolation
 n - 2 scrolls of fear
 F - 5 scrolls of silence
 H - 8 scrolls of poison
 N - 9 scrolls of fog
 S - 4 scrolls of brand weapon
 U - a scroll of blinking
 X - 6 scrolls of vulnerability
 Z - 2 scrolls of enchant armour
Potions
 d - 5 potions of mutation
 g - 3 potions of haste
 i - 15 potions of curing
 l - 7 potions of might
 m - 7 potions of attraction
 r - 7 potions of invisibility
 s - 5 potions of resistance
 t - 3 potions of ambrosia
 u - 6 potions of berserk rage
 v - 4 potions of heal wounds
 C - 4 potions of enlightenment
 P - 7 potions of magic
 R - 3 potions of cancellation
Miscellaneous
 y - a phial of floods
 G - a condenser vane
 Q - a lightning rod (4/4)


   Skills:
 - Level 20.0 Fighting
 - Level 16.9(18.0) Axes
 - Level 11.1(16.0) Maces & Flails
 - Level 16.0 Throwing
 - Level 20.3 Armour
 - Level 13.3 Dodging
 - Level 15.0 Shields
 - Level 2.0 Spellcasting
 - Level 3.2 Conjurations
 + Level 22.9 Invocations


You had 28 spell levels left.
You didn't know any spells.
Your spell library contained the following spells:

 Spells                   Type           Power      Damage    Failure   Level
 Magic Dart               Conj           40%        1d5       52%         1
 Searing Ray              Conj           20%        2d5       65%         2
 Kiss of Death            Conj/Necr      24%        2d7       75%         1
 Shock                    Conj/Air       24%        1d4       75%         1
 Sting                    Conj/Alch      24%        1d4       75%         1
 Momentum Strike          Conj/Tloc      12%        3d8       87%         2
 Apportation              Tloc           2%         N/A       92%         1
 Freeze                   Ice            4%         1d3       92%         1
 Necrotise                Necr           4%         1d4       92%         1
 Sandblast                Erth           2%         2d4       92%         1
 Blink                    Tloc           2%         N/A       98%         2
 Ensorcelled Hibernation  Hex/Ice        2%         N/A       98%         2
 Lesser Beckoning         Tloc           2%         N/A       98%         2
 Scorch                   Fire           2%         2d5       98%         2
 Dazzling Flash           Conj/Hex       12%        N/A       98%         3
 Hailstorm                Conj/Ice       6%         3d5       98%         3
 Stone Arrow              Conj/Erth      12%        3d7       98%         3
 Frozen Ramparts          Ice            2%         1d1       100%        3
 Gell's Gravitas          Tloc           1%         N/A       100%        3
 Ozocubu's Armour         Ice            1%         N/A       100%        3
 Passwall                 Erth           1%         N/A       100%        3
 Swiftness                Air            1%         N/A       100%        3
 Teleport Other           Tloc           1%         N/A       100%        3
 Volatile Blastmotes      Fire/Tloc      2%         2d10      100%        3
 Airstrike                Air            0%         2d(1-17)  100%        4
 Brom's Barrelling Bould  Conj/Erth      6%         2d3       100%        4
 Flame Wave               Conj/Fire      6%         2d5       100%        4
 Fulminant Prism          Conj/Alch      3%         3d5       100%        4
 Iskenderun's Mystic Bla  Conj/Tloc      6%         2d4       100%        4
 Leda's Liquefaction      Alch/Erth      0%         N/A       100%        4
 Passage of Golubria      Tloc           1%         N/A       100%        4
 Petrify                  Alch/Erth      1%         N/A       100%        4
 Borgnjor's Vile Clutch   Necr/Erth      0%         N/A       100%        5
 Fireball                 Conj/Fire      3%         3d4       100%        5
 Freezing Cloud           Conj/Ice/Air   2%         6-21      100%        5
 Iskenderun's Battlesphe  Conj           10%        2d6       100%        5
 Metabolic Englaciation   Hex/Ice        0%         N/A       100%        5
 Yara's Violent Unravell  Hex/Alch       0%         3d3       100%        5
 Conjure Ball Lightning   Conj/Air       3%         3x3d6     100%        6
 Dispersal                Tloc           0%         N/A       100%        6
 Eringya's Noxious Bog    Alch           0%         4d6       100%        6
 Starburst                Conj/Fire      3%         6d3       100%        6
 Orb of Destruction       Conj           5%         9d5       100%        7
 Discord                  Hex            0%         N/A       100%        8
 Disjunction              Tloc           0%         N/A       100%        8
 Lehudib's Crystal Spear  Conj/Erth      3%         10d2      100%        8
 Maxwell's Capacitive Co  Air            0%         ∞         100%        8
 Summon Small Mammal      Summ           Unusable   N/A       N/A         1
 Tukima's Dance           Hex            Unusable   N/A       N/A         3
 Animate Armour           Summ/Erth      Unusable   N/A       N/A         4
 Animate Dead             Necr           Unusable   N/A       N/A         4
 Summon Forest            Summ/Tloc      Unusable   N/A       N/A         5
 Death Channel            Necr           Unusable   N/A       N/A         6
 Summon Cactus Giant      Summ           Unusable   N/A       N/A         6
 Summon Hydra             Summ           Unusable   N/A       N/A         7

Dungeon Overview and Level Annotations

Branches:
Dungeon (15/15)            Temple (0/1) D:6            Lair (5/5) D:9
  Swamp (4/4) Lair:3        Snake (4/4) Lair:3        Slime (0/5) Lair:4
    Orc (2/2) D:9             Elf (0/3) Orc:2        Vaults (5/5) D:13
  Crypt (0/3) Vaults:3     Depths (4/4) D:15            Zot (5/5) Depths:4
 Bailey (visited)           IceCv (visited)          WizLab (visited)
Gauntlet (visited)

Altars:
Fedhas
Gozag
Kikubaaqudgha
Makhleb
Okawaru
Qazlal
Ru
Sif Muna
Uskayaw
Vehumet
Jiyva
Lugonu

Shops:
D:6 [   D:9 =   D:11 :   Orc:1 ?   Orc:2 [(=   Snake:3 =   Vaults:2 [
Vaults:5 =[   Depths:2 **   Depths:3 *   Depths:4 ?=

Portals:
Hell: Depths:1 Depths:2 Depths:3 Depths:4
Abyss: Depths:3 Depths:4
Pandemonium: Depths:1 Depths:2
Ziggurat: Depths:2

Annotations:
Swamp:1 Roxanne
Depths:2 3 runed translucent doors, exclusion: obsidian statue, Camaan's ghost, adept DgCj
Zot:3 2 runed translucent doors, runemage's ghost, legendary GnFi


Innate Abilities, Weirdness & Mutations

You are immune to sickness and miasma.
Your stone body is resilient. (AC +19)
You are immune to poison.
Your large and strong wings let you fly.
You resist negative energy. (rN+)
You are resistant to electric shocks. (rElec)
You are resistant to unholy torment.
You are immune to petrification.
You are partially covered in large bone plates. (SH +4)
Armour fits poorly on your strangely shaped body.
You occasionally shout uncontrollably at your foes.
You are weak. (Str -2)
You expend magic power (3 MP) to strengthen your wands.


Message History

The goblin shouts!
There is a stone staircase leading up, spattered with blood here.
Things that are here:
a +0 robe; a +0 scythe You fly upwards.
There is a stone staircase leading down here.
There is a stone staircase leading up here.
You fly upwards.
There is a stone staircase leading down here.
You fly downwards.
There is a stone staircase leading up here.
There is a stone staircase leading up here.
You fly upwards.
There is a stone staircase leading down here.
There is a stone staircase leading up here.
You fly upwards.
There is a stone staircase leading down here.
A lich and a blizzard demon come into view.
You yell at the lich!
Gocei comes into view.
Gocei bellows, "Thy sanity shall be my breakfast!"
The lich shouts!
The blizzard demon shouts!
Gocei gestures at you. The bolt of devastation hits you!!!
Your willpower is stripped away!
The lich casts a spell at you.
You feel yourself slow down. The blizzard demon gestures at you.
The bolt of cold hits you! You resist.
Blink to where?
Press: ? - help, Dir - move target
As you read the scroll of blinking, it crumbles to dust.
Gocei gestures at you.
The bolt of devastation hits you but does no damage.
The blizzard demon gestures at you. The bolt of cold misses you.
Gocei gestures.
Gocei seems to speed up.
The blizzard demon hits you but does no damage.
You block the blizzard demon's attack.
You have escaped!

#.###.# #.###.##....# #.....#.
...##.# #.##...##...# ###.....
....#.# #+#.....##.## ##.###
......# ##.......### #....
....#.# ##.........'# #####
)..##.# ##...........## # ......#
#.............# #
#.###.####......2......# #
#.#.....##....L.@......# #
#.......##...&.........###### #
#........#.............#....#####
........###..........1+#.......).
#.......####.........###...######
...#######.##.......#####.## #
##.# #.###.....##.# #.# # #.# #.#
#+#.####.###.## #.# #.#
#.#.###...#...######


You could see Gocei (fast), a Tzitzimitl, a lich and a blizzard demon.

Vanquished Creatures
  2 dread liches
  Tiamat (Zot:1)
  3 ancient liches
  3 orbs of fire (Zot:5)
  6 Killer Klowns
  the Lernaean hydra (Swamp:4)
  2 curse toes
  Vashnia (Snake:2)
  5 golden dragons
  2 bone dragons (Depths:4)
  A Tzitzimitl (Zot:4)
  2 doom hounds
  2 electric golems
  Zenata (Vaults:1)
  15 tentacled monstrosities
  An Ice Fiend (D:7)
  Grunn (Zot:1)
  23 Orb Guardians (Zot:5)
  4 titans (Vaults:5)
  5 liches
  5 quicksilver dragons
  A sphinx (Depths:4)
  A walking divine tome (Depths:2)
  2 tentacled starspawn (Depths:3)
  2 death cobs
  An Executioner (Zot:5)
  7 shadow dragons
  4 thorn hunters (Swamp:3)
  11 tengu reavers
  12 storm dragons
  A fenstrider witch (Swamp:3)
  A protean progenitor (Zot:5)
  4 draconian shifters
  9 nagarajas
  2 azure jellies (Depths:1)
  2 deep elf sorcerers (Vaults:5)
  9 fire giants
  2 draconian knights (Depths:4)
  12 vault wardens
  2 draconian monks
  8 frost giants
  A ghost moth (Zot:5)
  A balrug (Depths:4)
  An iron dragon (Vaults:4)
  2 draconian scorchers (Zot:2)
  9 ironbound preservers
  4 draconian annihilators
  13 stone giants
  A draconian stormcaller (Zot:2)
  5 orc warlords
  3 spriggan defenders
  A quicksilver ooze (Gauntlet)
  2 reapers
  25 very ugly things
  A cacodemon (Depths:4)
  12 ironbound thunderhulks
  4 black draconians
  4 formless jellyfish
  2 vampire knights
  3 green draconians
  Nessos (Orc:2)
  7 yellow draconians
  5 dire elephants
  2 purple draconians
  A deep elf demonologist (Vaults:4)
  6 eleionomae
  2 minotaurs
  2 putrid mouths (Zot:1)
  8 bunyips
  5 war gargoyles
  3 white draconians
  Azrael (Orc:2)
  3 red draconians
  7 spark wasps
  A blizzard demon (Depths:4)
  2 green deaths
  2 crystal guardians (WizLab)
  14 ettins
  3 jiangshi (Depths:1)
  5 fire dragons
  The ghost of zewo the Fighter, a journeyman MiFi of Gozag (Lair:1)
  An entropy weaver (Vaults:2)
  A merfolk javelineer (Depths:3)
  7 yaktaur captains
  9 great orbs of eyes
  20 hydras
  9 ice dragons
  3 rakshasas
  3 ogre magi
  3 ironbound frosthearts
  24 vault guards (Vaults:4)
  Erica (D:8)
  13 anacondas
  3 catoblepae
  A merfolk avatar (Swamp:3)
  5 peacekeepers
  6 spriggan air magi
  14 centaur warriors
  5 boulder beetles
  A death knight (Vaults:3)
  7 alligators
  3 salamander tyrants
  2 ghost crabs
  9 death yaks
  8 two-headed ogres
  16 naga warriors
  A hell hog (Depths:3)
  3 tengu warriors
  A titan zombie (Depths:2)
  2 vampire magi
  3 thrashing horrors (Depths:3)
  4 spriggan berserkers
  A demonic crawler (D:11)
  7 deep troll earth magi
  7 shock serpents
  Urug (D:13)
  4 sun demons
  Sonja (Orc:2)
  12 hell knights
  A sphinx skeleton (Depths:2)
  13 naga sharpshooters
  2 soul eaters
  2 wretched stars (Depths:3)
  An iron troll (Depths:4)
  6 goliath frogs
  4 shadow wraiths
  4 skysharks
  5 spriggan druids
  7 salamander mystics
  4 sixfirhies (Depths:4)
  Lodul (D:13)
  6 glowing orange brains
  27 deep trolls
  7 naga ritualists
  14 bog bodies
  An orange crystal statue (Vaults:2)
  A death drake (Swamp:4)
  5 phantasmal warriors (Vaults:5)
  8 arcanists
  16 ironbound convokers
  A sun moth (shapeshifter) (Depths:3)
  A sea snake (Snake:4)
  12 swamp dragons
  4 mana vipers
  2 mana vipers (shapeshifter)
  An obsidian statue (Depths:4)
  8 orc knights
  An iron dragon zombie (Depths:2)
  9 lindwurms
  2 lightning spires (WizLab)
  8 harpies
  A manticore (D:14)
  2 deep elf pyromancers
  2 orc sorcerers (Orc:2)
  6 necromancers
  21 salamanders
  9 cyclopes
  2 manticores (shapeshifter)
  A worldbinder (Depths:3)
  28 ugly things
  4 will-o-the-wisps
  6 meliai
  3 ice statues
  17 elephants
  A water nymph (shapeshifter) (Vaults:5)
  5 guardian serpents
  2 kobold blastminers (Orc:2)
  2 torpor snails (shapeshifter)
  18 black mambas
  2 human skeletons (Vaults:1)
  3 rust devils (Depths:4)
  14 vault sentinels
  11 moths of wrath
  11 gargoyles (WizLab)
  A smoke demon (Depths:3)
  8 naga magi
  A titan simulacrum (Depths:2)
  4 molten gargoyles
  An eye of devastation (shapeshifter) (Vaults:4)
  A centaur skeleton (D:10)
  31 cane toads
  A hellion (Depths:4)
  2 orange demons (Depths:4)
  Maggie (D:7)
  An unseen horror (shapeshifter) (D:13)
  A minotaur zombie (Gauntlet)
  2 tormentors (Zot:1)
  A freezing wraith (Vaults:5)
  37 yaktaurs
  2 kobold demonologists (D:9)
  6 komodo dragons
  8 rime drakes
  A red devil (Depths:4)
  An efreet (D:15)
  2 bunyip simulacra (Depths:1)
  6 tengu conjurers
  An unseen horror skeleton (D:10)
  An ancient zyme (Depths:3)
  3 golden dragon simulacra (Depths:1)
  3 trolls
  8 polar bears
  2 hellwings (Depths:4)
  Grinder (D:6)
  12 hornets
  A glass eye (shapeshifter) (Depths:3)
  A raiju (Gauntlet)
  9 tyrant leeches
  23 blink frogs
  A jumping spider (Vaults:2)
  An elf zombie (Vaults:1)
  Sigmund (D:4)
  A centaur simulacrum (Gauntlet)
  A culicivora (Vaults:2)
  36 slime creatures
  A shadow (D:10)
  2 vampires (D:11)
  12 spriggans
  An ettin skeleton (Vaults:1)
  2 wraiths
  5 fire elementals
  42 yaks
  8 water elementals
  3 wyverns
  2 neqoxecs
  2 wargs
  Eustachio (D:6)
  6 basilisks
  The ghost of TheBioAlchemist the Shield-Bearer, an amateur FoFi (D:3)
  2 steam dragons
  A redback (shapeshifter) (Vaults:5)
  17 vampire mosquitoes
  3 redbacks (Zot:5)
  3 chaos spawn
  Menkaure (D:4)
  12 swamp worms
  A jumping spider (shapeshifter) (Vaults:5)
  36 nagas
  17 water moccasins
  A glowing shapeshifter zombie (Depths:2)
  3 acid dragons
  4 hell hounds (Orc:2)
  2 hydra simulacra
  12 swamp drakes
  Pargi (D:3)
  33 orc warriors
  4 black bears
  5 laughing skulls
  20 ogres
  20 wolves
  A fire dragon simulacrum (Depths:1)
  12 centaurs
  2 phantoms
  8 kobold brigands (Bailey)
  16 bullfrogs
  3 earth elementals (WizLab)
  6 scorpions
  3 wights (D:10)
  A hornet simulacrum (Gauntlet)
  20 killer bees
  A snapping turtle simulacrum (Depths:1)
  2 howler monkeys
  2 electric eels (Lair:5)
  A crimson imp (D:14)
  3 bombardier beetles
  A human zombie (D:10)
  5 centaur zombies (D:10)
  19 orc priests
  4 hounds
  3 jellies
  Crazy Yiuf (D:3)
  A gnoll bouda (D:7)
  5 iguanas
  23 orc wizards
  A boggart simulacrum (Gauntlet)
  A howler monkey zombie (D:10)
  9 gnolls
  16 adders
  3 shadow imps (D:7)
  12 white imps (D:12)
  A dart slug (D:2)
  73 orcs
  5 ball pythons
  8 endoplasms
  7 giant cockroaches
  6 goblins
  9 hobgoblins
  16 kobolds
  6 quokkas
  3 bats
  2 frilled lizards (D:2)
  6 rats
1768 creatures vanquished.

Vanquished Creatures (others)
  2 bloated husks
  30 foxfires
  3 starspawn tentacles (Depths:3)
35 creatures vanquished.

Grand Total: 1803 creatures vanquished

Notes
Turn   | Place    | Note
-------+----------+-------------------------------------------
     0 | D:1      | SnakkuSnakku7 the Gargoyle Reaver began the quest for the
                  | Orb.
     0 | D:1      | Reached XP level 1. HP: 12/12 MP: 3/3
   134 | D:1      | Reached XP level 2. HP: 15/17 MP: 5/5
   150 | D:1      | Found a faded altar of an unknown god.
   492 | D:1      | Reached XP level 3. HP: 21/21 MP: 6/6
  1540 | D:3      | Found an iron altar of Okawaru.
  1548 | D:3      | Became a worshipper of Warmaster Okawaru
  1558 | D:3      | Found a burning altar of Makhleb.
  1581 | D:3      | Noticed an ogre
  1644 | D:3      | Noticed Pargi
  1850 | D:3      | Found a radiant altar of Vehumet.
  1902 | D:3      | Reached skill level 5 in Maces & Flails
  1902 | D:3      | Reached XP level 4. HP: 16/26 MP: 7/7
  2141 | D:3      | Reached XP level 5. HP: 25/30 MP: 8/8
  2378 | D:3      | Found a transporter.
  2653 | D:3      | Identified the +4 ring mail "Uvatu" {SInv}
  2671 | D:3      | Reached XP level 6. HP: 52/52 MP: 9/9
  2828 | D:4      | Reached * piety under Okawaru
  2829 | D:4      | Reached XP level 7. HP: 55/57 MP: 10/10
  3014 | D:4      | Noticed Menkaure
  3037 | D:4      | Killed Menkaure
  3240 | D:4      | Found an opulent altar of Gozag.
  3327 | D:3      | Noticed Sigmund
  3361 | D:4      | Killed Sigmund
  3362 | D:4      | Reached XP level 8. HP: 51/63 MP: 11/11
  3482 | D:3      | Killed Pargi
  3583 | D:3      | Found a transporter.
  3584 | D:3      | Noticed TheBioAlchemist's ghost (amateur FoFi)
  3655 | D:3      | Found a runed translucent door.
  3656 | D:3      | Noticed Crazy Yiuf
  3893 | D:5      | Entered Level 5 of the Dungeon
  4275 | D:5      | Reached XP level 9. HP: 54/68 MP: 12/12
  4966 | D:6      | Noticed Grinder
  4988 | D:6      | Killed Grinder
  4988 | D:6      | Reached ** piety under Okawaru
  5132 | D:6      | Found a staircase to the Ecumenical Temple.
  5196 | D:6      | Found a shimmering blue altar of Sif Muna.
  5196 | D:6      | Noticed Eustachio
  5350 | D:7      | Noticed Maggie
  5356 | D:7      | Killed Maggie
  5357 | D:7      | Reached skill level 10 in Maces & Flails
  5492 | D:7      | Found a flagged portal.
  5505 | Bailey   | Entered a bailey
  5670 | Bailey   | Reached *** piety under Okawaru
  5684 | Bailey   | Reached XP level 10. HP: 15/73 MP: 11/13
  5905 | Bailey   | Reached skill level 1 in Axes
  6000 | Bailey   | Found an iron altar of Okawaru.
  6131 | D:6      | Found Jeonn's Armour Shop.
  6141 | D:6      | Killed Eustachio
  6147 | D:6      | Bought a +2 cloak of preservation for 258 gold pieces
  6147 | D:6      | Bought a +2 pair of boots of rampaging for 258 gold pieces
  6329 | D:6      | Found a stormy altar of Qazlal.
  6329 | D:6      | Found a sacrificial altar of Ru.
  6799 | D:7      | Found a hide-covered altar of Uskayaw.
  7329 | D:8      | Noticed Erica
  7351 | D:8      | Killed Erica
  7351 | D:8      | Reached **** piety under Okawaru
  7445 | D:8      | Reached skill level 5 in Axes
  7447 | D:8      | Noticed a two-headed ogre
  7481 | D:8      | Killed a two-headed ogre
  8204 | D:9      | Noticed a kobold demonologist
  8214 | D:9      | Killed a kobold demonologist
  8216 | D:9      | Noticed a kobold demonologist
  8225 | D:9      | Killed a kobold demonologist
  8267 | D:9      | Found Kanomir's Jewellery Shop.
  8278 | D:9      | Bought an amulet of reflection for 300 gold pieces
  8290 | D:9      | Noticed a death yak
  8294 | D:9      | Noticed a death yak
  8303 | D:9      | Noticed a death yak
  8318 | D:9      | Killed a death yak
  8318 | D:9      | Reached ***** piety under Okawaru
  8319 | D:9      | Reached XP level 11. HP: 38/78 MP: 12/14
  8377 | D:8      | Received a gift from Okawaru
  8530 | D:8      | Killed a death yak
  8935 | D:9      | Killed a death yak
  8936 | D:9      | Found a staircase to the Lair.
  8941 | D:9      | Identified the +1 robe "Layl" {Fly rElec rC- Int+4}
  9073 | D:9      | Found a staircase to the Orcish Mines.
  9480 | D:10     | Entered Level 10 of the Dungeon
  9530 | D:10     | Received a gift from Okawaru
  9773 | D:10     | Found an ancient bone altar of Kikubaaqudgha.
  9882 | D:10     | Noticed a two-headed ogre
  9896 | D:10     | Reached skill level 10 in Axes
  9902 | D:10     | Killed a two-headed ogre
  9981 | D:10     | Noticed a two-headed ogre
  9990 | D:10     | Killed a two-headed ogre
 10066 | D:10     | Found a blossoming altar of Fedhas.
 10111 | D:10     | Received a gift from Okawaru
 10112 | D:10     | Reached XP level 12. HP: 72/84 MP: 15/15
 10429 | Lair:1   | Entered Level 1 of the Lair of Beasts
 10430 | Lair:1   | Found a runed translucent gate.
 10430 | Lair:1   | Found a runed translucent gate.
 10430 | Lair:1   | Found a runed translucent gate.
 10436 | Lair:1   | Noticed a minotaur
 10437 | Lair:1   | Noticed zewo's ghost (journeyman MiFi)
 10777 | Lair:1   | Received a gift from Okawaru
 11340 | Lair:2   | Noticed a five-headed hydra
 11352 | Lair:2   | Killed a one-headed hydra
 11414 | Lair:2   | Reached ****** piety under Okawaru
 11417 | Lair:2   | Acquired a +2 buckler of protection
 11417 | Lair:2   | Received a gift from Okawaru
 11713 | Lair:2   | Noticed a skyshark
 11727 | Lair:2   | Received a gift from Okawaru
 11731 | Lair:2   | Killed a skyshark
 11880 | Lair:2   | Noticed a seven-headed hydra
 11895 | Lair:2   | Killed a one-headed hydra
 11896 | Lair:2   | Reached XP level 13. HP: 79/88 MP: 16/16
 11994 | Lair:2   | Received a gift from Okawaru
 12273 | Lair:3   | Found a staircase to the Swamp.
 12334 | Lair:3   | Found a gate leading to a gauntlet.
 12381 | Gauntlet | Entered a Gauntlet
 12381 | Gauntlet | Found a transporter.
 12388 | Gauntlet | Found a transporter.
 12391 | Gauntlet | Found a transporter.
 12392 | Gauntlet | Found a transporter.
 12403 | Gauntlet | Found a transporter.
 12404 | Gauntlet | Found a transporter.
 12412 | Gauntlet | Found a transporter.
 12415 | Gauntlet | Found a transporter.
 12416 | Gauntlet | Found a transporter.
 12419 | Gauntlet | Noticed a quicksilver ooze
 12424 | Gauntlet | Found a transporter.
 12427 | Gauntlet | Found a transporter.
 12428 | Gauntlet | Found a transporter.
 12436 | Gauntlet | Found a transporter.
 12533 | Gauntlet | Found a transporter.
 12580 | Gauntlet | Reached skill level 15 in Axes
 12613 | Gauntlet | Killed a quicksilver ooze
 12613 | Gauntlet | Received a gift from Okawaru
 12723 | Gauntlet | Noticed a minotaur
 12744 | Gauntlet | Killed a minotaur
 12786 | Gauntlet | Identified the +0 helmet of Lugonu's Hatred {rF+ Stlth+}
 12867 | Lair:3   | Found a staircase to the Snake Pit.
 13534 | Lair:4   | Found a staircase to the Slime Pits.
 13535 | Lair:4   | Found a viscous altar of Jiyva.
 13707 | Lair:4   | Received a gift from Okawaru
 13752 | Lair:4   | Gained mutation: Your large and strong wings let you fly.
                  | [Gargoyle growth]
 13752 | Lair:4   | Reached XP level 14. HP: 90/94 MP: 17/17
 13933 | Lair:5   | Entered Level 5 of the Lair of Beasts
 14002 | Lair:5   | Reached skill level 1 in Invocations
 14015 | Lair:5   | Identified the +0 leather armour of the Moon {Harm rC+
                  | Str-3 Int+3}
 14055 | Lair:5   | Reached skill level 2 in Invocations
 14134 | Lair:5   | Reached skill level 3 in Invocations
 14148 | Lair:5   | Reached skill level 4 in Invocations
 14211 | Lair:5   | Reached skill level 5 in Invocations
 14299 | Lair:5   | Reached skill level 6 in Invocations
 14449 | Lair:5   | Received a gift from Okawaru
 14457 | Lair:5   | Identified the staff "Otos" {rPois Str+2 Alchemy}
 14472 | Lair:5   | Got an earthy gem with 262 turns to spare
 14488 | Lair:5   | Reached skill level 7 in Invocations
 14672 | Lair:5   | Reached skill level 8 in Invocations
 15211 | Lair:1   | Killed zewo's ghost
 15216 | Lair:1   | Reached skill level 9 in Invocations
 15510 | D:3      | Killed TheBioAlchemist's ghost
 15571 | D:3      | Killed Crazy Yiuf
 15892 | D:11     | Received a gift from Okawaru
 15994 | D:11     | Reached skill level 10 in Invocations
 15994 | D:11     | Reached skill level 1 in Armour
 16135 | D:11     | Found Osecuago's Book Shop.
 16475 | Orc:1    | Entered Level 1 of the Orcish Mines
 16706 | Orc:1    | Reached XP level 15. HP: 79/98 MP: 22/22
 16762 | Orc:1    | Found Veffeif's Magic Scroll Shoppe.
 16765 | Orc:1    | Bought a scroll of blinking for 127 gold pieces
 16765 | Orc:1    | Bought a scroll of enchant armour for 127 gold pieces
 16766 | Orc:1    | Bought a scroll of identify for 34 gold pieces
 16970 | Orc:1    | Reached skill level 5 in Armour
 17093 | Orc:2    | Entered Level 2 of the Orcish Mines
 17168 | Orc:2    | Found a staircase to the Elven Halls.
 17186 | Orc:2    | Noticed an orc warlord
 17201 | Orc:2    | Paralysed by an orc sorcerer for 4 turns
 17221 | Orc:2    | Killed an orc warlord
 17231 | Orc:2    | Received a gift from Okawaru
 17276 | Orc:2    | Found Xeybiv's Antique Armour Boutique.
 17281 | Orc:2    | Found Cynos's Antique Weapon Shop.
 17398 | Orc:2    | Noticed Azrael
 17424 | Orc:2    | Killed Azrael
 17544 | Orc:2    | Noticed Nessos
 17595 | Orc:2    | Killed Nessos
 17738 | Orc:2    | Noticed Sonja
 17751 | Orc:2    | Killed Sonja
 17804 | Orc:2    | Found Lauj's Jewellery Boutique.
 18014 | Orc:2    | Found Kufaloel's Distillery.
 18022 | Orc:2    | Bought a potion of might for 56 gold pieces
 18022 | Orc:2    | Bought a potion of haste for 140 gold pieces
 18022 | Orc:2    | Bought a potion of resistance for 140 gold pieces
 18022 | Orc:2    | Bought a potion of haste for 140 gold pieces
 18022 | Orc:2    | Bought a potion of might for 56 gold pieces
 18022 | Orc:2    | Bought a potion of degeneration for 14 gold pieces
 18022 | Orc:2    | Bought a potion of curing for 42 gold pieces
 18022 | Orc:2    | Bought a potion of enlightenment for 70 gold pieces
 18329 | D:12     | Found a frozen archway.
 18351 | IceCv    | Entered an ice cave
 18526 | IceCv    | Received a gift from Okawaru
 18563 | IceCv    | Reached skill level 10 in Armour
 18581 | IceCv    | Reached skill level 1 in Shields
 18605 | IceCv    | Noticed a frost giant
 18622 | IceCv    | Killed a frost giant
 18866 | D:12     | Identified the ring of Dithmenos's Grace {Fire Will+ Int+3
                  | Dex+2}
 18964 | D:12     | Reached skill level 5 in Shields
 19365 | D:13     | Received a gift from Okawaru
 19415 | D:13     | Noticed Urug
 19425 | D:13     | Killed Urug
 19701 | D:13     | Found a gate to the Vaults.
 19801 | D:13     | Noticed Lodul
 19820 | D:13     | Killed Lodul
 19821 | D:13     | Reached XP level 16. HP: 104/104 MP: 23/23
 20351 | D:14     | Received a gift from Okawaru
 20357 | D:14     | Identified the +0 cloak of the Morning {Rampage rCorr Str+3
                  | Dex+6}
 20685 | D:14     | Reached skill level 5 in Dodging
 20796 | D:15     | Entered Level 15 of the Dungeon
 20992 | D:15     | Found a staircase to the Depths.
 21027 | D:15     | Identified the +7 halberd "Xuggad" {flame, rC+ Will+ Str+5}
 21751 | Snake:1  | Entered Level 1 of the Snake Pit
 21827 | Snake:1  | Received a gift from Okawaru
 23161 | Snake:2  | Received a gift from Okawaru
 23234 | Snake:2  | Noticed Vashnia
 23273 | Snake:1  | Reached skill level 10 in Shields
 23364 | Snake:2  | Killed Vashnia
 23420 | Snake:2  | Noticed a nagaraja
 23436 | Snake:2  | Killed a nagaraja
 23436 | Snake:2  | Received a gift from Okawaru
 23839 | Snake:3  | Reached XP level 17. HP: 102/108 MP: 22/24
 23920 | Snake:3  | Found Quahezeg's Jewellery Shoppe.
 23928 | Snake:3  | Bought the ring of Jougyx Zego {Dex+2 Slay+4} for 1516 gold
                  | pieces
 23929 | Snake:3  | Identified a scroll of acquirement
 23931 | Snake:3  | Acquired a manual of Dodging
 24069 | Snake:3  | Received a gift from Okawaru
 24326 | Snake:3  | Identified the +0 spear of Upheaval {freeze, rC+ Str+4}
 24754 | Snake:4  | Entered Level 4 of the Snake Pit
 24769 | Snake:4  | Received a gift from Okawaru
 25038 | Snake:4  | Reached skill level 15 in Shields
 25089 | Snake:4  | Received a gift from Okawaru
 25266 | Snake:4  | Got a serpentine rune of Zot
 25994 | Swamp:1  | Entered Level 1 of the Swamp
 26024 | Swamp:1  | Reached XP level 18. HP: 114/114 MP: 25/25
 26047 | Swamp:1  | Received a gift from Okawaru
 26115 | Swamp:1  | Noticed Roxanne
 26821 | Swamp:2  | Received a gift from Okawaru
 26893 | Swamp:2  | Reached skill level 15 in Armour
 26990 | Swamp:2  | Identified the +0 robe of Foolhardiness {^Contam Dex+5
                  | Slay+3}
 26995 | Swamp:2  | Noticed a tentacled monstrosity
 27013 | Swamp:2  | Killed a tentacled monstrosity
 27297 | Swamp:3  | Identified the staff of Ijaxem {^Contam rN+ Will+ Dex+3
                  | Earth}
 27486 | Swamp:3  | Received a gift from Okawaru
 27815 | Swamp:4  | Entered Level 4 of the Swamp
 27912 | Swamp:3  | Reached skill level 15 in Fighting
 28022 | Swamp:3  | Received a gift from Okawaru
 28256 | Swamp:4  | Noticed the 27-headed Lernaean hydra
 28431 | Swamp:4  | Reached skill level 10 in Dodging
 28472 | Swamp:4  | Killed the 18-headed Lernaean hydra
 28482 | Swamp:4  | Got a decaying rune of Zot
 28507 | Swamp:4  | Reached XP level 19. HP: 124/124 MP: 26/26
 28515 | Swamp:4  | Received a gift from Okawaru
 28593 | Swamp:4  | Identified the +9 halberd of the Morning {antimagic, rElec
                  | rPois}
 29280 | Vaults:1 | Entered Level 1 of the Vaults
 29337 | Vaults:1 | Noticed Zenata
 29357 | Vaults:1 | Killed Zenata
 29444 | Vaults:1 | Identified the ring "Sairr" {rElec Int+6 Stlth+}
 29460 | Vaults:1 | Received a gift from Okawaru
 29717 | Vaults:1 | Identified the death talisman of Magic {rElec rC+++ Str+3
                  | Dex-4 SInv}
 30043 | Vaults:1 | Identified the +0 pair of boots of Fun and Games {-Cast rF-
                  | Dex+6 Stlth+}
 30291 | Vaults:1 | Received a gift from Okawaru
 30490 | Vaults:2 | Found Qiuvaap's Armour Shoppe.
 31018 | Vaults:2 | Received a gift from Okawaru
 31264 | Vaults:2 | Reached skill level 1 in Throwing
 31670 | Vaults:3 | Found a magical portal.
 31679 | WizLab   | Entered Maxwell's Workshop
 31810 | WizLab   | Received a gift from Okawaru
 31811 | WizLab   | Reached XP level 20. HP: 133/134 MP: 27/27
 31913 | WizLab   | Reached skill level 5 in Throwing
 31945 | WizLab   | Identified the ring of Weelainomp {Ice Dex+7}
 31997 | WizLab   | Identified the ring "Egudig" {Ice *Slow Int+6 Stlth+}
 32000 | WizLab   | Identified the ring of Yredelemnul's Reproof {Fire Str+3}
 32211 | WizLab   | Identified the ring of Law {Ice *Corrode rElec Will+ Str+3}
 32216 | WizLab   | Noticed an electric golem
 32230 | WizLab   | Received a gift from Okawaru
 32249 | WizLab   | Killed an electric golem
 32253 | WizLab   | Identified the +1 robe of Card Tricks {rF+ Str+3 Slay+3
                  | Stlth-}
 32786 | Vaults:3 | Received a gift from Okawaru
 33299 | Vaults:3 | Found a staircase to the Crypt.
 33422 | Vaults:3 | Reached skill level 10 in Throwing
 33638 | Vaults:4 | Received a gift from Okawaru
 34143 | Vaults:4 | Reached XP level 21. HP: 139/139 MP: 28/28
 34187 | Vaults:4 | Received a gift from Okawaru
 34501 | Vaults:5 | Entered Level 5 of the Vaults
 34644 | Vaults:4 | Received a gift from Okawaru
 34727 | Vaults:5 | Noticed an ancient lich
 34783 | Vaults:4 | Killed an ancient lich
 34893 | Vaults:5 | Noticed a dread lich
 34978 | Vaults:4 | Killed a dread lich
 34978 | Vaults:4 | Received a gift from Okawaru
 35021 | Vaults:5 | Reached skill level 15 in Throwing
 35192 | Vaults:4 | Received a gift from Okawaru
 35483 | Vaults:5 | Identified the ring "Utti" {rPois rF+ rCorr AC+4}
 35529 | Vaults:5 | Reached XP level 22. HP: 84/145 MP: 29/29
 35630 | Vaults:5 | Identified the +11 plate armour of the Forest {Rampage
                  | rElec}
 35645 | Vaults:5 | Identified the +0 flail "Suhih" {flame, Int+5}
 35748 | Vaults:5 | Received a gift from Okawaru
 35864 | Vaults:5 | Got a silver rune of Zot
 36113 | Vaults:5 | Found Zoatetag's Jewellery Shop.
 36118 | Vaults:5 | Found Okamaext's Antique Armour Shoppe.
 36403 | Vaults:5 | Received a gift from Okawaru
 36843 | Depths:1 | Entered Level 1 of the Depths
 36851 | Depths:1 | Found a gateway to Hell.
 36929 | Depths:1 | Identified the +2 orcbow of Spontaneous Combustion {freeze,
                  | MP+9}
 37128 | Depths:1 | Got Ilingoum's Tome of the Tundra
 37575 | Depths:1 | Found a one-way gate leading to the halls of Pandemonium.
 37696 | Depths:2 | Found a transporter.
 37753 | Depths:2 | Received a gift from Okawaru
 37803 | Depths:2 | Found a one-way gateway to a ziggurat.
 38136 | Depths:2 | Found a runed translucent gate.
 38136 | Depths:2 | Found a runed translucent gate.
 38136 | Depths:2 | Found a runed translucent gate.
 38137 | Depths:2 | Found an opulent altar of Gozag.
 38140 | Depths:2 | Found Qiulaeg's Assorted Antiques.
 38142 | Depths:2 | Found Jops's Assorted Antiques.
 38142 | Depths:2 | Noticed a caustic shrike
 38142 | Depths:2 | Noticed Camaan's ghost (adept DgCj)
 38196 | Depths:2 | Found a transporter.
 38313 | Depths:2 | Received a gift from Okawaru
 38754 | Depths:3 | Reached XP level 23. HP: 90/156 MP: 30/30
 38838 | Depths:3 | Found Bawn's Pet Rocks.
 38847 | Depths:3 | Received a gift from Okawaru
 38878 | Depths:3 | Found a one-way gate to the infinite horrors of the Abyss.
 39283 | Depths:3 | Found a corrupted altar of Lugonu.
 39413 | Depths:3 | Found a transporter.
 39415 | Depths:3 | Found a transporter.
 39501 | Depths:4 | Entered Level 4 of the Depths
 39598 | Depths:4 | Reached skill level 11 in Invocations
 39654 | Depths:4 | Found a corrupted altar of Lugonu.
 39728 | Depths:4 | Received a gift from Okawaru
 39758 | Depths:4 | Reached skill level 12 in Invocations
 39887 | Depths:4 | Found Baotwion's Jewellery Emporium.
 39887 | Depths:4 | Found Veawutas's Magic Scroll Shoppe.
 39896 | Depths:4 | Bought a scroll of teleportation for 75 gold pieces
 39896 | Depths:4 | Bought a scroll of enchant weapon for 187 gold pieces
 39896 | Depths:4 | Bought a scroll of teleportation for 75 gold pieces
 40000 | Depths:4 | Noticed a golden dragon
 40015 | Depths:4 | Killed a golden dragon
 40061 | Depths:4 | Found a gate to the Realm of Zot.
 40116 | Depths:4 | Reached skill level 13 in Invocations
 40213 | Depths:4 | Received a gift from Okawaru
 40240 | Depths:4 | Noticed a golden dragon
 40251 | Depths:4 | Killed a golden dragon
 40436 | Depths:4 | Reached skill level 14 in Invocations
 40467 | Depths:4 | Noticed a caustic shrike
 40467 | Depths:4 | Noticed a caustic shrike
 40467 | Depths:4 | Noticed a caustic shrike
 40744 | Depths:4 | Acquired the +5 kite shield of Fieruati {rF+ rC+}
 40999 | Depths:2 | Received a gift from Okawaru
 41000 | Depths:2 | Reached skill level 15 in Invocations
 41232 | Depths:2 | Identified the +1 helmet of Inference {rPois rN++ Int-5
                  | Stlth+}
 41237 | Depths:2 | Identified the amulet of Untruth {RegenMP rC+ Str+4}
 41389 | Depths:3 | Reached skill level 16 in Invocations
 41400 | Depths:3 | Reached XP level 24. HP: 81/163 MP: 25/35
 41430 | Depths:3 | Identified the ring of Qalud Onk {+Blink rPois}
 41555 | Zot:1    | Entered Level 1 of the Realm of Zot
 41627 | Zot:2    | Received a gift from Okawaru
 41761 | Zot:2    | Noticed Grunn
 41806 | Zot:1    | Reached skill level 17 in Invocations
 41889 | Zot:1    | Killed Grunn
 42069 | Zot:2    | Received a gift from Okawaru
 42085 | Zot:2    | Found the +4 dragonskin cloak
 42085 | Zot:2    | Noticed Tiamat
 42090 | Zot:2    | Reached skill level 18 in Invocations
 42118 | Zot:2    | Identified the +4 long sword "Beast's Bane" {heavy, rN+
                  | Will+ Int+2}
 42310 | Zot:1    | Killed Tiamat
 42786 | Zot:3    | Found a large runed translucent door.
 42786 | Zot:3    | Found a large runed translucent door.
 42788 | Zot:3    | Noticed runemage's ghost (legendary GnFi)
 42817 | Zot:3    | Reached skill level 19 in Invocations
 42896 | Zot:4    | Noticed an ancient lich
 42897 | Zot:4    | Received a gift from Okawaru
 42908 | Zot:3    | Killed an ancient lich
 42963 | Zot:4    | Noticed a Killer Klown
 43015 | Zot:4    | Killed a Killer Klown
 43055 | Zot:5    | Entered Level 5 of the Realm of Zot
 43055 | Zot:5    | Noticed a curse toe
 43079 | Zot:4    | Killed a curse toe
 43103 | Zot:5    | Reached skill level 20 in Invocations
 43563 | Zot:5    | Noticed a curse toe
 43605 | Zot:5    | Killed a curse toe
 43691 | Zot:5    | Noticed an orb of fire
 43694 | Zot:5    | Noticed a Killer Klown
 43714 | Zot:5    | Gained mutation: Your spells are a little easier to cast,
                  | but a little less powerful. [an orb of fire]
 43719 | Zot:5    | Killed an orb of fire
 43720 | Zot:5    | Noticed a dread lich
 43724 | Zot:5    | Received a gift from Okawaru
 43733 | Zot:5    | Noticed a Killer Klown
 43736 | Zot:5    | Noticed a Killer Klown
 43739 | Zot:5    | Killed a dread lich
 43739 | Zot:5    | Noticed an orb of fire
 43740 | Zot:5    | Reached skill level 21 in Invocations
 43740 | Zot:5    | Reached XP level 25. HP: 151/168 MP: 36/37
 43740 | Zot:5    | Noticed a Killer Klown
 43744 | Zot:5    | Gained mutation: You sometimes lose your temper in combat.
                  | [an orb of fire]
 43749 | Zot:5    | Gained mutation: You are clumsy. (Dex -2) [an orb of fire]
 43753 | Zot:5    | Gained mutation: You occasionally shout uncontrollably at
                  | your foes. [an orb of fire]
 43766 | Zot:5    | Killed an orb of fire
 43770 | Zot:5    | Killed a Killer Klown
 43778 | Zot:5    | Killed a Killer Klown
 43793 | Zot:5    | Killed a Killer Klown
 43809 | Zot:5    | Killed a Killer Klown
 43821 | Zot:5    | Lost mutation: Your spells are a little easier to cast, but
                  | a little less powerful. [potion of mutation]
 43821 | Zot:5    | Lost mutation: You sometimes lose your temper in combat.
                  | [potion of mutation]
 43821 | Zot:5    | Lost mutation: You are clumsy. (Dex -2) [potion of
                  | mutation]
 43821 | Zot:5    | Gained mutation: You expend magic power (3 MP) to
                  | strengthen your wands. [potion of mutation]
 43821 | Zot:5    | Gained mutation: You are partially covered in large bone
                  | plates. (SH +4) [potion of mutation]
 43853 | Zot:5    | Noticed a Killer Klown
 43885 | Zot:5    | Killed a Killer Klown
 43909 | Zot:5    | Noticed an ancient lich
 44151 | Zot:5    | Killed an ancient lich
 44178 | Zot:5    | Reached skill level 22 in Invocations
 44212 | Zot:5    | Received a gift from Okawaru
 44298 | Zot:5    | Noticed an orb of fire
 44326 | Zot:5    | Gained mutation: Armour fits poorly on your strangely
                  | shaped body. [an orb of fire]
 44335 | Zot:5    | Gained mutation: You are weak. (Str -2) [an orb of fire]
 44336 | Zot:5    | Killed an orb of fire
 44447 | Zot:5    | Got the Orb of Zot
 44509 | Zot:5    | Noticed a Killer Klown
 44515 | Zot:5    | Noticed a Killer Klown
 44825 | D:9      | Noticed Namm the pandemonium lord
 45050 | D:1      | Noticed Gocei the pandemonium lord
 45054 | D:$      | Escaped with the Orb!

Illustrated notes

Levels and vault maps discovered:
D:1:      lemuel_arrival_rhombus, layout_loops_ring,
          shapermc_ecumenical_altar_mp_highgroup, minmay_tromino_i4
D:2:      layout_loops_ring
D:3:      layout_loops_ring, nicolae_vehumet_altar_sigil,
          okawaru_metal_pillars_1_2, bloody_makhleb, gammafunk_ghost_smash,
          uniq_crazy_yiuf_cottage, uniq_pargi, uniq_sigmund
D:4:      kb_forest_paths, layout_cave_pools, lemuel_tele_altar, uniq_menkaure
D:5:      layout_loops_cross, nicolae_elevator_lobby_plus
D:6:      layout_loops_ring, mainiacjoe_overflow_alcove_4,
          mainiacjoe_overflow_divided_tiny, minmay_temple_entry_glass,
          serial_shops, shop_fountains, uniq_eustachio, uniq_grinder
D:7:      layout_loops_corners, mainiacjoe_overflow_catwalk, enter_bailey_2,
          uniq_maggie
D:8:      layout_loops_ring, dk_noncrumbling_3, uniq_erica
D:9:      layout_basic, dpeg_lair_monsters, orc_0_dummy, serial_shops, shop
D:10:     layout_roguey, fedhas_bush_and_centaur_altar,
          lemuel_mausoleum_altar_kikubaaqudgha, serial_corexii_hall,
          corexii_hall_statues_x, chequers_hall_statues_y,
          minmay_misc_feat_alley, chequers_mini_garden
D:11:     layout_roguey, serial_shops, shop_fountains, worms_lemuel
D:12:     layout_roguey, portal_ice_cave_entry_imps
D:13:     layout_irregular_city, david_vaults_4, grunt_decor_mini_mirrors,
          uniq_lodul, uniq_urug
D:14:     layout_roguey, lightli_wizard_tower
D:15:     grunt_enter_depths_giant_problem, layout_irregular_city,
          chequers_serial_rivers_micro_c, kennysheep_two_boxes
Lair:1:   layout_chaotic_city, maelrawn_ghost_gauntlet_escape, minivault_26,
          grunt_megastairs_4, infiniplex_staircase_pool
Lair:2:   nzn_winding_woodlands_three_and_one
          [nzn_winding_woodlands_5x15_pockets,
          nzn_winding_woodlands_5x15_longhouse,
          nzn_winding_woodlands_5x15_twine,
          nzn_winding_woodlands_center_garden], layout_regular_city,
          serial_bayou_crossing
Lair:3:   minmay_lair_venomous_thicket, layout_chaotic_city,
          mainiacjoe_swamp_entry_lozenge_pond, guppyfry_snake_entry_garden,
          gauntlet_entry_generic, lemuel_fruit_tree
Lair:4:   layout_concentric_octagons, slime_entry_1
Lair:5:   minmay_lair_end_frog_pond, layout_cave_pods
Swamp:1:  layout_basic_swamp, evilmike_swamp_ruin_wall, uniq_roxanne
Swamp:2:  layout_basic_swamp, hangedman_swamp_pad
Swamp:3:  tekkud_swamp_unearthing_site, layout_falls_marsh,
          evilmike_swamp_ruin_house_4, nicolae_swamp_tree_designs,
          swamp_pool_1_2, grunt_lady_of_the_lake
Swamp:4:  grunt_swamp_rune_castle, layout_basic_swamp, swamp_pool_1_2,
          nicolae_swamp_drake_lake
Snake:1:  layout_honeycomb, nicolae_letterblocks [nicolae_letter_subblock,
          nicolae_letter_subblock, nicolae_letter_subblock,
          nicolae_letter_subblock, nicolae_letter_subblock,
          nicolae_letter_subblock, nicolae_letter_subblock,
          nicolae_letter_subblock, nicolae_letter_subblock,
          nicolae_letter_subblock, nicolae_letter_subblock,
          nicolae_letter_subblock, nicolae_letter_subblock,
          nicolae_letter_subblock, nicolae_letter_subblock,
          nicolae_letter_subblock, nicolae_letter_subblock,
          nicolae_letter_subblock, nicolae_letter_subblock,
          nicolae_letter_subblock, nicolae_letter_subblock,
          nicolae_letter_subblock, nicolae_letter_subblock,
          nicolae_letter_subblock, nicolae_letter_subblock],
          serial_bayou_shore_b
Snake:2:  layout_basic, uniq_vashnia
Snake:3:  layout_chambers, serial_shops, shop
Snake:4:  grunt_snake_rune_serpentine_throne, layout_cave_town,
          serial_bayou_lagoon_a
Orc:1:    layout_diamond_mine, serial_shops, nicolae_shop_rolled_up,
          mines4_lemuel
Orc:2:    grunt_orc_community_town_hall, layout_caves,
          grunt_orc_community_big_house_1, grunt_orc_community_big_house_1,
          grunt_orc_community_house_2, grunt_orc_community_house_1,
          grunt_orc_community_house_3, grunt_orc_community_house_3,
          grunt_orc_community_house_1, uniq_nessos, uniq_sonja, uniq_azrael
Vaults:1: nicolae_vaults_wine_cellar, nicolae_vaults_sealed_display,
          nicolae_vaults_little_squares_2, v_misc_24,
          nicolae_vaults_angled_halls, ontoclasm_vaults_shuriken,
          serial_library_hellmonk_semicircle, vaults_dpeg_encased_lava,
          ontoclasm_vaults_shout, nicolae_vaults_diamond_1,
          hangedman_vaults_capsules, layout_vaults_omnicross, uniq_zenata
Vaults:2: nicolae_vaults_windows_and_doors_thing, nicolae_vaults_statue_guard,
          nicolae_vaults_apartment_2, nicolae_vaults_tetromino_L_2,
          hangedman_vaults_restitches, nicolae_vaults_sesquioval_fish,
          v_misc_17, grunt_vaults_focal, grunt_vaults_hallway_short,
          layout_vaults_quadrants, serial_shops, nicolae_shop_back_alley_shop
Vaults:3: mu_enter_wizlab_5, nicolae_vaults_asterisk,
          nicolae_vaults_surprise_closet, minmay_crypt_entry_simple_statues,
          nicolae_vaults_network_quinsquares
          [nicolae_vaults_network_quincunx_subvault,
          nicolae_vaults_network_quincunx_subvault,
          nicolae_vaults_network_quincunx_subvault,
          nicolae_vaults_network_quincunx_subvault], v_misc_14,
          nicolae_vaults_lopsided_apartments, v_misc_9,
          nicolae_vaults_closet_pinwheel_2, nicolae_vaults_house_3,
          nicolae_vaults_tetromino_L_2, vaults_room_fours,
          nicolae_vaults_tetromino_Z_1, nicolae_vaults_surprise_closet,
          layout_vaults_chaotic_city, uniq_nikola
Vaults:4: nicolae_vaults_offset_grid_hallway_3, ontoclasm_vaults_twist,
          vaults_dpeg_hooks, hangedman_vaults_slither, v_rooms_2,
          nicolae_vaults_stairing_the_circle, vaults_room_stairs_pillars,
          nicolae_vaults_meiosis, nicolae_vaults_trapezoid_lopsided_4,
          vaults_dpeg_ring, nicolae_vaults_house_1,
          nicolae_vaults_more_shelving_2, v_misc_5,
          nicolae_vaults_little_squares_3, layout_vaults_maze
Vaults:5: serial_shops
Depths:1: layout_gridlike, pf_vacation_house_of_asmodeus, pan_entry,
          hangedman_research_thermodynamics
Depths:2: gammafunk_the_bubble [the_bubble_gammafunk_crates], layout_basic,
          enter_ziggurat_f, serial_corexii_hall, chequers_hall_statues_wall_a,
          corexii_hall_statues_x, ebering_ghost_gozag, hell_entry,
          minmay_tree_intersection, rand_demon_pan_entry_3,
          infiniplex_staircase_pool_lava
Depths:3: gammafunk_corrupted_shrine, layout_cave_pools, abyss_entry,
          hellmouth_1, kennysheep_pointless_box, guppyfry_shop_earth
Depths:4: grunt_zot_entry_funnels, layout_small_grid, minmay_strange_pillars,
          abyss_entry_flame_altar, grunt_hell_entry_demonic_statue,
          minmay_microvault, minmay_shoptagon
Zot:1:    kennysheep_room_grid, layout_concentric_octagons,
          regret_index_zotdec_iron_s
Zot:2:    kennysheep_spiral_hall, layout_onion_interference,
          regret_index_zotdec_ceiling_fans, st_stairs_7, uniq_tiamat, uniq_grunn
Zot:3:    layout_basic, ebering_ghost_disaster_area
Zot:4:    hellmonk_crystal_mountain, layout_misc_corridors,
          gammafunk_ghost_ooze, regret_index_zotdec_plus
Zot:5:    layout_concentric_octagons, hangedman_zot_diagonal_lockstep,
          st_stairs_10, grunt_ministairs_10

Skill      XL: |  1  2  3  4  5  6  7  8  9 10 11 12 13 14 15 16 17 18 19 20 21 22 23 24 25 |
---------------+----------------------------------------------------------------------------+-----
Maces & Flails | 4 5 6 7 9 10 11 | 11.1
Fighting       | 13 15 17 20 | 20.0
Axes           | 7 10 14 16 | 16.9
Invocations    | 10 16 21 22 | 22.9
Armour         | 4 10 13 15 19 20 | 20.3
Shields        | 8 12 15 | 15.0
Dodging        | 2 7 10 13 | 13.3
Throwing       | 4 12 16 | 16.0
Spellcasting   | |  2.0
Conjurations   | |  3.2

Action                     |  1- 3 |  4- 6 |  7- 9 | 10-12 | 13-15 | 16-18 | 19-21 | 22-24 | 25-27 || total
---------------------------+-------+-------+-------+-------+-------+-------+-------+-------+-------++-------
  Melee: Mace              |   163 |   115 |    34 |       |       |       |       |       |       ||   312
         Punch             |     1 |       |       |       |       |       |       |       |       ||     1
         Flail             |       |       |   263 |     5 |       |       |       |       |       ||   268
         Broad axe         |       |       |       |   723 |  1408 |  1508 |  1441 |  1760 |   284 ||  7124
         Scimitar          |       |       |       |    12 |    12 |    96 |    15 |       |       ||   135
  Throw: Dart              |       |     2 |     7 |    14 |       |       |       |       |       ||    23
 Invoke: Heroism           |       |       |     4 |     2 |     6 |     1 |     3 |     1 |       ||    17
         Receive Armour    |       |       |       |     1 |       |       |       |       |       ||     1
         Finesse           |       |       |       |       |     1 |     1 |     2 |     2 |       ||     6
  Evoke: Wand              |       |       |     5 |     4 |    12 |       |     1 |       |     2 ||    24
         Lightning rod     |       |       |       |       |     2 |     3 |       |       |       ||     5
         Phial of floods   |       |       |       |       |     1 |       |       |       |       ||     1
         Condenser vane    |       |       |       |       |     1 |       |       |       |       ||     1
    Use: Scroll            |     5 |     1 |     4 |    12 |    15 |     5 |     3 |    12 |     4 ||    61
         Potion            |       |     1 |       |       |     4 |       |       |     4 |     2 ||    11
   Stab: Paralysed         |       |       |       |       |     1 |       |       |       |       ||     1
         Distracted        |       |       |       |       |       |     1 |       |     1 |       ||     2
         Petrified         |       |       |       |       |       |       |       |     3 |       ||     3
 Armour: Scale mail        |   145 |   114 |       |       |       |       |       |       |       ||   259
         Ring mail         |       |     8 |   266 |    77 |       |       |       |       |       ||   351
         Pearl dragon scal |       |       |       |   460 |   755 |   134 |       |       |       ||  1349
         Plate armour      |       |       |       |       |       |  1209 |  1047 |  1555 |   216 ||  4027
  Dodge: Dodged            |   117 |    56 |   191 |   544 |   986 |   851 |   711 |   544 |    57 ||  4057
  Block: Buckler           |     5 |    18 |    60 |   295 |   384 |    66 |       |       |       ||   828
         Reflection        |       |       |       |     5 |       |       |       |       |       ||     5
         Kite shield       |       |       |       |       |       |   899 |   952 |  1212 |   235 ||  3298
